 Dungeon Crawl Stone Soup version 0.28.0-53-g5a82cb258f (webtiles) character file.

Game seed: 7016863525479688982

149 Kranky the Nimble (level 5, 0/37 HPs)
             Began as a Gnoll Wanderer on June 23, 2022.
             Slain by a gnoll
             ... wielding a +0 whip
              (8 damage)
             ... on level 3 of the Dungeon on June 24, 2022.
             The game lasted 00:10:08 (4731 turns).

Kranky the Nimble (Gnoll Wanderer)                  Turns: 4731, Time: 00:10:08

Health: 0/37       AC:  5    Str: 13    XL:     5   Next: 31%
Magic:  7/7        EV: 16    Int:  9    God:
Gold:   159        SH:  0    Dex: 14    Spells: 6/6 levels left

rFire   . . .      SeeInvis .   o - +0 halberd
rCold   . . .      Faith    .   (shield currently unavailable)
rNeg    . . .      Spirit   .   b - +2 leather armour
rPois   .          Reflect  .   (no helmet)
rElec   .          Harm     .   (no cloak)
rCorr   .          Rampage  .   (no gloves)
Will    .....                   (no boots)
Stlth   ++........              (no amulet)
HPRegen 0.12/turn               (no ring)
MPRegen 0.10/turn               (no ring)

@: no status effects
A: fangs 1, strong nose, distributed training
a: no special abilities


You were on level 3 of the Dungeon.
You visited 1 branch of the dungeon, and saw 5 of its levels.

You collected 159 gold pieces.

Inventory:

Hand Weapons
 a - a +0 mace
 d - a +0 dagger
 g - a +0 dagger of protection
 o - a +0 halberd (weapon)
Missiles
 c - 9 poisoned darts (quivered)
 l - 2 javelins
Armour
 b - a +2 leather armour (worn)
Scrolls
 e - a scroll of torment {unknown}
 f - 6 scrolls of identify {unknown}
 j - 2 scrolls of amnesia {unknown}
 k - a scroll of fear {unknown}
 m - a scroll of teleportation {unknown}
 n - a scroll of blinking {unknown}
Potions
 h - a potion of resistance {unknown}
 i - a potion of flight {unknown}
 p - a potion of lignification {unknown}


   Skills:
 + Level 1.4 Fighting
 + Level 1.4 Short Blades
 + Level 1.4 Long Blades
 + Level 1.4 Axes
 + Level 4.7 Maces & Flails
 + Level 1.4 Polearms
 + Level 1.4 Staves
 + Level 1.4 Slings
 + Level 1.4 Bows
 + Level 1.4 Crossbows
 + Level 4.7 Throwing
 + Level 1.4 Armour
 + Level 10.5 Dodging
 + Level 2.7 Stealth
 + Level 1.4 Shields
 + Level 1.4 Unarmed Combat
 + Level 1.4 Spellcasting
 + Level 1.1 Conjurations
 + Level 1.1 Hexes
 + Level 1.1 Summonings
 + Level 1.1 Necromancy
 + Level 1.1 Translocations
 + Level 1.1 Transmutations
 + Level 1.1 Fire Magic
 + Level 1.1 Ice Magic
 + Level 1.1 Air Magic
 + Level 1.1 Earth Magic
 + Level 1.1 Poison Magic
 + Level 1.6 Invocations
 + Level 1.4 Evocations


You had 6 spell levels left.
You didn't know any spells.
Your spell library contained the following spells:

 Spells                   Type           Power      Damage    Failure   Level
 Magic Dart               Conj           8%         1d3       28%         1
 Searing Ray              Conj           4%         2d4       38%         2
 Ignite Poison            Fire/Tmut/Pois 2%         N/A       63%         3
 Mephitic Cloud           Conj/Pois/Air  2%         N/A       63%         3
 Fulminant Prism          Conj/Hex       1%         3d6       95%         4
 Freezing Cloud           Conj/Ice/Air   1%         6-21      100%        5


Dungeon Overview and Level Annotations

Branches:
Dungeon (5/15)
 Temple: D:4-7

Altars:

Annotations:
D:3 1 runed translucent door, Rsteiner's ghost, weakling DsAr
D:4 2 runed translucent doors, gobodom's ghost, amateur OpCj


Innate Abilities, Weirdness & Mutations

You have very sharp teeth.
Your uncanny sense of smell can sniff out nearby items.
Your experience applies equally to all skills.


Message History

Gobodom's ghost turns its malevolent gaze towards you.
Gobodom's ghost wails.
Search for what [Enter for "."]? .
You see here a +0 dagger.
You see here a +0 dagger.
The gnoll shouts!
You reach to attack!
You closely miss the gnoll. The gnoll hits you with a +0 whip.
You barely miss the gnoll. The gnoll barely misses you.
You barely miss the gnoll. The gnoll misses you. The gnoll closely misses you.
You closely miss the gnoll.
The gnoll shouts!
The gnoll closely misses you.
You barely miss the gnoll. The gnoll misses you.
You hit the gnoll.
The gnoll is lightly wounded.
The gnoll hits you with a +0 whip. The gnoll barely misses you.
The gnoll closely misses you.
You barely miss the gnoll.
The gnoll is lightly wounded.
The gnoll hits you from afar with a +0 halberd!
The gnoll hits you with a +0 whip.
You are too injured to fight recklessly!
You are too injured to fight recklessly!
You are too injured to fight recklessly!
There is a stone staircase leading down here.
There is a stone staircase leading up here.
The gnoll misses you.
The gnoll hits you from afar with a +0 halberd.
You climb upwards.
Level annotation: 1 runed translucent door, Rsteiner's ghost, weakling DsAr
There is a stone staircase leading down here.
You barely miss the gnoll.
The gnoll is lightly wounded.
The gnoll hits you with a +0 whip!
* * * LOW HITPOINT WARNING * * *
You barely miss the gnoll. You bite the gnoll, but do no damage.
The gnoll is lightly wounded.
The gnoll hits you with a +0 whip!
You die...

##########.........#
#.......##.........#
#.......##.........####
#.......##............#
####.....................#
#.....................)..#
#..............####'##...# ##
#..............####.##...# #.
#....####...@............###.
#....####...)g...............
#....+.....#+#.##########.###
#....#####.....# #..## #....#
#.....# ##... ####.#
###.....###########... #.#
#.........##......##.. ###.#
#.........##......##.#
#...###.........##......##.#


You could see a gnoll.

Vanquished Creatures
  An iguana (D:4)
  2 gnolls
  2 adders
  3 worms
  3 dart slugs
  3 orcs
  7 endoplasms
  5 giant cockroaches
  3 goblins
  6 hobgoblins
  3 jackals (D:2)
  7 kobolds
  5 quokkas
  6 ball pythons
  5 bats
  5 frilled lizards
  2 rats (D:3)
68 creatures vanquished.

Notes
Turn   | Place    | Note
-------+----------+-------------------------------------------
     0 | D:1      | Reached skill level 10 in Dodging
     0 | D:1      | Kranky the Gnoll Wanderer began the quest for the Orb.
     0 | D:1      | Kranky set off with the following items: a +0 mace, a +2
                  | leather armour, 9 poisoned darts, a +0 dagger
     0 | D:1      | Reached XP level 1. HP: 13/13 MP: 1/1
   567 | D:1      | Reached XP level 2. HP: 19/19 MP: 2/2
   968 | D:1      | Found a faded altar of an unknown god.
  1037 | D:1      | Reached XP level 3. HP: 24/25 MP: 3/3
  1568 | D:2      | Reached skill level 1 in Invocations
  2295 | D:2      | Reached skill level 1 in Fighting
  2295 | D:2      | Reached skill level 1 in Short Blades
  2295 | D:2      | Reached skill level 1 in Long Blades
  2295 | D:2      | Reached skill level 1 in Axes
  2295 | D:2      | Reached skill level 1 in Polearms
  2295 | D:2      | Reached skill level 1 in Staves
  2295 | D:2      | Reached skill level 1 in Slings
  2295 | D:2      | Reached skill level 1 in Bows
  2295 | D:2      | Reached skill level 1 in Crossbows
  2295 | D:2      | Reached skill level 1 in Armour
  2295 | D:2      | Reached skill level 1 in Shields
  2295 | D:2      | Reached skill level 1 in Unarmed Combat
  2295 | D:2      | Reached skill level 1 in Spellcasting
  2295 | D:2      | Reached skill level 1 in Evocations
  2295 | D:2      | Reached XP level 4. HP: 32/32 MP: 5/5
  2766 | D:3      | Found a runed translucent door.
  2768 | D:3      | Noticed Rsteiner's ghost (weakling DsAr)
  2769 | D:3      | Noticed an ice beast
  3232 | D:4      | Found a large runed translucent door.
  3232 | D:4      | Found a large runed translucent door.
  3240 | D:4      | Reached skill level 1 in Conjurations
  3240 | D:4      | Reached skill level 1 in Hexes
  3240 | D:4      | Reached skill level 1 in Summonings
  3240 | D:4      | Reached skill level 1 in Necromancy
  3240 | D:4      | Reached skill level 1 in Translocations
  3240 | D:4      | Reached skill level 1 in Transmutations
  3240 | D:4      | Reached skill level 1 in Fire Magic
  3240 | D:4      | Reached skill level 1 in Ice Magic
  3240 | D:4      | Reached skill level 1 in Air Magic
  3240 | D:4      | Reached skill level 1 in Earth Magic
  3240 | D:4      | Reached skill level 1 in Poison Magic
  3291 | D:4      | Noticed gobodom's ghost (amateur OpCj)
  3760 | D:4      | Reached XP level 5. HP: 11/37 MP: 5/7
  4480 | D:5      | Entered Level 5 of the Dungeon
  4481 | D:5      | Noticed a steam dragon
  4731 | D:3      | Slain by a gnoll

Illustrated notes

Levels and vault maps discovered:
D:1:      saegor_arrival_simple_b, layout_basic,
          shapermc_ecumenical_altar_notcrosses, minmay_surrounded
D:2:      layout_loops_ring, minmay_pentomino_r4
D:3:      layout_basic, ebering_ghost_inner_flame,
          chequers_serial_rivers_small_3
D:4:      layout_loops_ring, ebering_ghost_disaster_area
D:5:      kb_forest_paths, layout_basic, evilmike_ruin_ashenzari, minitemple

Skill      XL: |  1  2  3  4 |
---------------+-------------+-----
Dodging        | | 10.5
Invocations    | 1 |  1.6
Fighting       | 1 |  1.4
Short Blades   | 1 |  1.4
Long Blades    | 1 |  1.4
Axes           | 1 |  1.4
Polearms       | 1 |  1.4
Staves         | 1 |  1.4
Slings         | 1 |  1.4
Bows           | 1 |  1.4
Crossbows      | 1 |  1.4
Armour         | 1 |  1.4
Shields        | 1 |  1.4
Unarmed Combat | 1 |  1.4
Spellcasting   | 1 |  1.4
Evocations     | 1 |  1.4
Conjurations   | 1 |  1.1
Hexes          | 1 |  1.1
Summonings     | 1 |  1.1
Necromancy     | 1 |  1.1
Translocations | 1 |  1.1
Transmutations | 1 |  1.1
Fire Magic     | 1 |  1.1
Ice Magic      | 1 |  1.1
Air Magic      | 1 |  1.1
Earth Magic    | 1 |  1.1
Poison Magic   | 1 |  1.1
Maces & Flails | |  4.7
Throwing       | |  4.7
Stealth        | |  2.7

Action                   |  1- 3 |  4- 6 || total
-------------------------+-------+-------++-------
Melee: Mace              |   110 |   106 ||   216
       Bite              |    11 |    10 ||    21
       Punch             |     2 |     2 ||     4
       Halberd           |       |    15 ||    15
 Stab: Sleeping          |     3 |     2 ||     5
Armor: Leather armour    |    25 |    20 ||    45
Dodge: Dodged            |    96 |   102 ||   198
